 Dungeon Crawl Stone Soup version 0.30.1-9-gdf580d7c3d (webtiles) character file.

Game seed: 12310022758788482058

58738 Laveh the Peltast (level 14, -25/123 (130) HPs)
             Began as a Minotaur Berserker on Oct 20, 2023.
             Was a Priest of Trog.
             Annihilated by Aizul the guardian serpent simulacrum (49 damage)
             ... on level 1 of the Spider Nest.
             The game lasted 01:18:58 (20950 turns).

Laveh the Peltast (Minotaur Berserker)             Turns: 20950, Time: 01:18:59

HP:   -25/123 (130) AC: 19    Str: 37    XL:     14   Next: 50%
MP:   13/13         EV:  9    Int:  8    God:    Trog [***...]
Gold: 1852          SH: 19    Dex: 11    Spells: 13/13 levels left

rFire   . . .        Z - +3 hand axe of Viborghaez {speed, rC- Str+5 Stlth+}
rCold   x . .        o - +0 kite shield
rNeg    . . .        Q - +0 plate armour
rPois   +            E - +2 hat
rElec   .            O - scarf {repulsion}
rCorr   .            (no gloves)
SInv    +            Y - +0 pair of boots
Will    +++++        U - amulet of reflection Stlth
                     T - ring of poison resistance
HPRegen 1.40/turn    J - ring of Cucek {Contam Will++ Str+6 Int+4 SInv}
MPRegen 0.13/turn

%: repel missiles, reflection
@: lethally poisoned (-25 -> -25), strong-willed, on berserk cooldown,
regenerating, slowed, studying Shields, drained, very slow
A: horns 2, retaliatory headbutt
a: Renounce Religion, Berserk, Trog's Hand


You were on level 1 of the Spider Nest.
You worshipped Trog.
Trog was most pleased with you.
You visited 7 branches of the dungeon, and saw 22 of its levels.
You also visited: Sewer and Ossuary.

You collected 1852 gold pieces.

Inventory:

Hand Weapons
 F - a +2 heavy war axe
 Z - the +3 hand axe of Viborghaez (weapon) {speed, rC- Str+5 Stlth+}
   (You found it on level 11 of the Dungeon)

   Str:       It affects your strength (+5).
   rC:        It makes you vulnerable to cold.
   Stlth:     It makes you more stealthy.
Missiles
 R - a curare-tipped dart
Armour
 a - a +0 scale mail of positive energy
 h - an orb of mayhem
 o - a +0 kite shield (worn)
 E - a +2 hat (worn)
 O - a scarf of repulsion (worn)
 Q - a +0 plate armour (worn)
 Y - a +0 pair of boots (worn)
Jewellery
 H - a ring of positive energy
 J - the ring of Cucek (right hand) {Contam Will++ Str+6 Int+4 SInv}
   (You found it on level 7 of the Dungeon)

   [ring of strength]

   Str:       It affects your strength (+6).
   Int:       It affects your intelligence (+4).
   SInv:      It lets you see invisible.
   Contam:    It causes magical contamination when unequipped.
   Will:      It greatly increases your willpower.
 T - a ring of poison resistance (left hand)
 U - an amulet of reflection (around neck)
Wands
 d - a wand of digging (6)
 q - a wand of flame (11)
 w - a wand of mindburst (9)
 y - a wand of charming (15)
 V - a wand of polymorph (6)
Scrolls
 b - 2 scrolls of torment
 c - 2 scrolls of fog
 i - 4 scrolls of magic mapping
 j - 2 scrolls of enchant armour
 m - 3 scrolls of enchant weapon
 n - 3 scrolls of teleportation
 r - 2 scrolls of immolation
 s - 4 scrolls of fear
 D - 6 scrolls of silence
 G - 4 scrolls of vulnerability
 I - 2 scrolls of noise
 L - 2 scrolls of blinking
 S - 4 scrolls of amnesia
 X - a scroll of poison
Potions
 e - 3 potions of flight
 f - 2 potions of degeneration
 g - 11 potions of curing
 k - a potion of berserk rage
 l - 4 potions of might
 u - a potion of heal wounds (quivered)
 v - 2 potions of resistance
 A - 2 potions of cancellation
 C - a potion of invisibility {unknown}
 K - 2 potions of mutation
 N - a potion of attraction {unknown}
 P - a potion of lignification {unknown}
 W - a potion of ambrosia {unknown}


   Skills:
 * Level 13.8 Fighting
 - Level 17.6 Axes
 - Level 0.9(11.5) Maces & Flails
 + Level 13.8 Armour
 - Level 2.2 Dodging
 * Level 18.6 Shields


You had 13 spell levels left.
You didn't know any spells.
Your spell library was empty.

Dungeon Overview and Level Annotations

Branches:
Dungeon (13/15)            Temple (1/1) D:6            Lair (3/5) D:10
 Shoals (1/4) Lair:3       Spider (1/4) Lair:3          Orc (2/2) D:10
    Elf (1/3) Orc:2         Sewer (visited)         Ossuary (visited)
 Vaults: D:13-14

Altars:
Ashenzari
Cheibriados
Dithmenos
Elyvilon
Fedhas
Gozag
Hepliaklqana
Kikubaaqudgha
Makhleb
Nemelex Xobeh
Okawaru
Qazlal
Ru
Sif Muna
Trog
Uskayaw
Vehumet
Wu Jian
Xom
Yredelemnul
Zin
The Shining One

Shops:
D:2 (   D:5 (   Orc:1 [(=*   Orc:2 **=[??

Annotations:
Shoals:1 1 transporter


Innate Abilities, Weirdness & Mutations

You have a pair of horns on your head.
You reflexively headbutt those who attack you in melee.


Message History

You feel sick.
Aizul coils herself and waves her upper body at you.
The bolt of poison hits you!
You are more poisoned.
You resist.
* * * LOW HITPOINT WARNING * * *
You slash Aizul! Your headbutt misses Aizul.
Aizul is almost dead.
You feel very sick.
You slash Aizul!
You kill Aizul!
Trog accepts your kill.
Trog appreciates your killing of a magic user.
You feel sick.
Aizul the Neglectful Guardian comes into view.
You feel very sick.
You feel a strong urge to attack something.
You feel very sick.
You are no longer berserk.
You are exhausted.
You feel yourself slow down.
* * * LOW HITPOINT WARNING * * *
You feel very sick.
You start resting.
* * * LOW HITPOINT WARNING * * *
You feel very sick. You block Aizul's attack.
You feel much better.
You feel very sick. Aizul hits you.
* * * LOW HITPOINT WARNING * * *
Aizul freezes you!!
You feel a terrible chill!
* * * LOW HITPOINT WARNING * * *
You block Aizul's attack.
You feel much better.
You feel very sick. Aizul hits you.
* * * LOW HITPOINT WARNING * * *
Aizul freezes you!!!
You feel a terrible chill!
You die... #yww #...#... .. #yyy

#....#.# # #. ####
##...#..# ..
....######.....#.. #..
##...........##.#.#
.... ^.......(...#.#.†#
..#..
..#.#.#...###.....
...#.##..##.....#.†#.#.
..#.@.#...###.#.#...#
#^##Z#.#.#....#.#...
#>Z.......##.#.#....
#..#.#.#.##.#...#...#.
# ##^#########....#.#
## ##~##.#. ### #≈~ ≈#
#


You could see Aizul the guardian serpent simulacrum.

Vanquished Creatures
  Asterion (Spider:1)
  Kirke (Lair:3)
  Aizul (Spider:1)
  A spark wasp (Lair:3)
  2 entropy weavers
  An ogre mage (D:11)
  A radroach (Spider:1)
  A jorogumo (Spider:1)
  A death yak (Lair:1)
  12 two-headed ogres
  An orc high priest (Orc:2)
  A pharaoh ant (Spider:1)
  3 orb spiders (Spider:1)
  A steelbarb worm (Spider:1)
  An orc knight (Orc:2)
  Pikel (D:7)
  5 orc sorcerers (Orc:2)
  A deep elf pyromancer (D:12)
  2 manticores (D:12)
  5 wolf spiders
  4 ugly things
  7 cyclopes
  4 elephants (Lair:3)
  Maurice (D:12)
  2 torpor snails
  4 cane toads
  A demonic crawler (Spider:1)
  4 gargoyles (D:12)
  2 unseen horrors (D:12)
  7 komodo dragons
  A polar bear (Lair:1)
  5 trolls
  A hornet (D:7)
  3 blink frogs (Lair:3)
  14 tarantellas
  Prince Ribbit (Lair:3)
  14 jumping spiders
  6 slime creatures (D:12)
  3 shadows
  8 culicivoras
  3 hogs (Lair:3)
  4 wyverns
  18 yaks
  5 wraiths
  Eustachio (D:5)
  Grum (D:8)
  2 basilisks
  18 redbacks
  4 vampire mosquitoes
  Menkaure (D:7)
  3 acid dragons (D:12)
  4 water moccasins
  12 orc warriors
  2 centaurs
  5 wolves
  3 lemures (D:7)
  5 ogres
  4 kobold brigands
  5 bullfrogs
  3 gnoll sergeants
  A scorpion (D:6)
  3 water moccasin zombies (Ossuary)
  3 wights (D:9)
  3 killer bees (D:8)
  An electric eel (D:9)
  4 howler monkeys
  5 hounds
  4 jellies
  23 orc priests
  Crazy Yiuf (D:5)
  A gnoll bouda (D:10)
  32 orc wizards
  3 iguanas
  Ijyb (D:5)
  4 sleepcaps
  3 mummies
  20 gnolls
  12 adders
  8 river rats (Sewer)
  A shadow imp (D:8)
  A white imp (D:6)
  An ufetubus (D:4)
  7 adder zombies (Ossuary)
  6 dart slugs
  5 worms
  47 orcs
  4 endoplasms
  6 giant cockroaches
  9 gnoll zombies (Ossuary)
  7 goblins
  7 hobgoblins
  5 quokkas
  20 ball pythons
  8 bats
  8 frilled lizards
  A goblin zombie (D:6)
  3 hobgoblin zombies (Ossuary)
  27 kobolds
  6 kobold zombies (Ossuary)
  An orc zombie (D:6)
  28 rats
  A butterfly (D:4)
579 creatures vanquished.

Vanquished Creatures (others)
  An orc wizard (D:12)
1 creature vanquished.

Grand Total: 580 creatures vanquished

Notes
Turn   | Place    | Note
-------+----------+-------------------------------------------
     0 | D:1      | Laveh the Minotaur Berserker began the quest for the Orb.
     0 | D:1      | Reached XP level 1. HP: 19/19 MP: 0/0
   207 | D:1      | Reached XP level 2. HP: 20/27 MP: 1/1
  1184 | D:2      | Found a faded altar of an unknown god.
  1213 | D:2      | Reached XP level 3. HP: 33/34 MP: 2/2
  1657 | D:2      | Found Otaoloat's Weapon Shoppe.
  1660 | D:2      | Reached ** piety under Trog
  1881 | D:3      | Reached skill level 5 in Axes
  1881 | D:3      | Reached XP level 4. HP: 41/41 MP: 3/3
  2134 | D:3      | Reached skill level 5 in Fighting
  2233 | D:3      | Reached XP level 5. HP: 42/48 MP: 4/4
  3235 | D:4      | Found a shimmering altar of Xom.
  3255 | D:4      | Reached XP level 6. HP: 35/56 MP: 5/5
  3579 | D:4      | Reached *** piety under Trog
  3675 | D:4      | Found a glowing drain.
  3692 | Sewer    | Entered a sewer
  3864 | Sewer    | Reached XP level 7. HP: 61/61 MP: 6/6
  3888 | Sewer    | Reached skill level 5 in Armour
  4232 | D:5      | Entered Level 5 of the Dungeon
  4232 | D:5      | Noticed Eustachio
  4246 | D:5      | Killed Eustachio
  4303 | D:5      | Noticed Ijyb
  4321 | D:5      | Killed Ijyb
  4521 | D:5      | Reached XP level 8. HP: 37/68 MP: 7/7
  4926 | D:5      | Found Yphomegh's Antique Weapon Emporium.
  5121 | D:5      | Found a runed translucent door.
  5122 | D:5      | Noticed Crazy Yiuf
  5123 | D:5      | Identified the +8 hammer of Amorality {freeze, rCorr Int+5
                  | Dex+4}
  5129 | D:5      | Killed Crazy Yiuf
  5419 | D:6      | Found a staircase to the Ecumenical Temple.
  5505 | D:6      | Found a sand-covered staircase.
  5515 | Ossuary  | Entered an ossuary
  5551 | Ossuary  | Reached **** piety under Trog
  5616 | Ossuary  | Reached skill level 10 in Axes
  5720 | D:6      | Found a hide-covered altar of Uskayaw.
  6025 | D:6      | Found a radiant altar of Vehumet.
  6233 | Temple   | Entered the Ecumenical Temple
  6714 | D:7      | Reached XP level 9. HP: 70/75 MP: 8/8
  6971 | D:7      | Noticed Menkaure
  6976 | D:7      | Killed Menkaure
  7128 | D:7      | Noticed Pikel
  7138 | D:7      | Killed Pikel
  7272 | D:7      | Identified the ring of Cucek {Contam Will++ Str+6 Int+4
                  | SInv}
  8118 | D:8      | Noticed Grum
  8128 | D:8      | Killed Grum
  8458 | D:8      | Reached XP level 10. HP: 81/88 MP: 9/9
  9283 | D:9      | Reached skill level 1 in Shields
  9289 | D:9      | Reached skill level 2 in Shields
  9290 | D:9      | Reached skill level 10 in Armour
  9520 | D:9      | Noticed a two-headed ogre
  9525 | D:9      | Killed a two-headed ogre
  9526 | D:9      | Reached skill level 3 in Shields
 10054 | D:10     | Entered Level 10 of the Dungeon
 10137 | D:10     | Reached skill level 4 in Shields
 10142 | D:10     | Reached skill level 15 in Axes
 10153 | D:10     | Found a staircase to the Orcish Mines.
 10475 | D:10     | Reached skill level 5 in Shields
 10475 | D:10     | Reached XP level 11. HP: 94/94 MP: 10/10
 10633 | D:10     | Found a staircase to the Lair.
 10702 | Lair:1   | Entered Level 1 of the Lair of Beasts
 10720 | Lair:1   | Noticed a death yak
 10741 | Lair:1   | Killed a death yak
 10966 | Orc:1    | Entered Level 1 of the Orcish Mines
 10966 | Orc:1    | Found Erpholadi's Weapon Boutique.
 10981 | Orc:1    | Found Zoge's Antique Armour Boutique.
 11047 | Orc:1    | Found Dyfah's Jewellery Boutique.
 11056 | Orc:1    | Found Gaklum's Overcharged Wands.
 11182 | Orc:1    | Reached skill level 6 in Shields
 11387 | Orc:2    | Entered Level 2 of the Orcish Mines
 11454 | Orc:2    | Found Cafiff's Specific Store.
 11456 | Orc:2    | Found Wiubrom's General Store.
 11478 | Orc:2    | Noticed an orc knight
 11478 | Orc:2    | Noticed an orc sorcerer
 11495 | Orc:2    | Killed an orc sorcerer
 11499 | Orc:2    | Killed an orc knight
 11500 | Orc:2    | Reached skill level 7 in Shields
 11579 | Orc:2    | Found a staircase to the Elven Halls.
 11604 | Elf:1    | Entered Level 1 of the Elven Halls
 11665 | Orc:2    | Noticed an orc sorcerer
 11670 | Orc:2    | Killed an orc sorcerer
 11674 | Orc:2    | Noticed an orc sorcerer
 11762 | Orc:2    | Noticed a sixfirhy
 11925 | Orc:2    | Noticed a soul eater
 11927 | Orc:2    | Reached skill level 8 in Shields
 11928 | Orc:2    | Killed an orc sorcerer
 12046 | Orc:2    | Noticed an orc sorcerer
 12055 | Orc:2    | Killed an orc sorcerer
 12563 | Orc:2    | Reached skill level 9 in Shields
 12594 | Orc:2    | Noticed an orc high priest
 12604 | Orc:2    | Killed an orc high priest
 12605 | Orc:2    | Noticed an orc sorcerer
 12928 | Orc:1    | Identified a scroll of acquirement
 13129 | Orc:2    | Killed an orc sorcerer
 13159 | Orc:2    | Found Saggis's Magic Scroll Emporium.
 13159 | Orc:2    | Found Fuaryhag's Antique Armour Shoppe.
 13160 | Orc:2    | Found Huscho Ycui's Jewellery Shoppe.
 13164 | Orc:2    | Found Sycaug's Magic Scroll Emporium.
 13456 | D:11     | Noticed a green ugly thing
 13462 | D:11     | Killed a green ugly thing
 13579 | D:11     | Reached skill level 10 in Shields
 13662 | D:11     | Noticed a two-headed ogre
 13662 | D:11     | Noticed a two-headed ogre
 13662 | D:11     | Noticed a red ugly thing
 13662 | D:11     | Noticed an ogre mage
 13672 | D:11     | Killed a two-headed ogre
 13673 | D:11     | Reached XP level 12. HP: 101/101 MP: 11/11
 13674 | D:11     | Killed a two-headed ogre
 13681 | D:11     | Noticed a two-headed ogre
 13682 | D:11     | Noticed a two-headed ogre
 13690 | D:11     | Killed a two-headed ogre
 13697 | D:11     | Killed a two-headed ogre
 13698 | D:11     | Noticed a two-headed ogre
 13698 | D:11     | Noticed a two-headed ogre
 13699 | D:11     | Noticed a two-headed ogre
 13703 | D:11     | Killed an ogre mage
 13703 | D:11     | Killed a two-headed ogre
 13704 | D:11     | Reached skill level 11 in Shields
 13710 | D:11     | Killed a two-headed ogre
 13711 | D:11     | Killed a two-headed ogre
 14163 | D:11     | Identified the +3 hand axe of Viborghaez {speed, rC- Str+5
                  | Stlth+}
 14327 | D:12     | Noticed a two-headed ogre
 14346 | D:12     | Killed a two-headed ogre
 14347 | D:12     | Reached skill level 12 in Shields
 14361 | D:12     | Noticed Maurice
 14420 | D:12     | Killed Maurice
 14421 | D:12     | Reached skill level 10 in Fighting
 14505 | D:12     | Noticed a two-headed ogre
 14517 | D:12     | Killed a two-headed ogre
 14811 | D:12     | Reached XP level 13. HP: 114/114 MP: 12/12
 14840 | D:12     | Reached skill level 13 in Shields
 16343 | Lair:1   | Reached skill level 14 in Shields
 17768 | Lair:3   | Noticed Prince Ribbit
 17782 | Lair:3   | Killed Prince Ribbit
 17842 | Lair:3   | Found a staircase to the Shoals.
 17849 | Lair:3   | Noticed Kirke
 17869 | Lair:3   | Killed Kirke
 18041 | Lair:3   | Identified the +4 flail of Thoughtfulness {elec, rN+ Int+2}
 18045 | Lair:3   | Acquired a manual of Shields
 18314 | Lair:3   | Found a hole to the Spider Nest.
 18379 | Lair:3   | Reached skill level 15 in Shields
 18627 | Shoals:1 | Entered Level 1 of the Shoals
 18627 | Shoals:1 | Found a transporter.
 18687 | Spider:1 | Entered Level 1 of the Spider Nest
 19042 | Spider:1 | Noticed Asterion
 19061 | Spider:1 | Killed Asterion
 19116 | Spider:1 | Noticed a spark wasp
 19467 | Lair:3   | Killed a spark wasp
 19468 | Lair:3   | Reached skill level 16 in Shields
 19468 | Lair:3   | Reached XP level 14. HP: 86/127 MP: 13/13
 19992 | Spider:1 | Reached skill level 17 in Shields
 20670 | Spider:1 | Reached skill level 18 in Shields
 20920 | Spider:1 | Noticed Aizul
 20944 | Spider:1 | Killed Aizul
 20948 | Spider:1 | HP: 6/123 [poisoned by Aizul (bolt of poison)]
 20950 | Spider:1 | Annihilated by Aizul the guardian serpent simulacrum

Illustrated notes

Levels and vault maps discovered:
D:1:      amcnicky_arrival_feature_with_door, layout_basic, nrook_uturn
D:2:      layout_basic, basic_ecumenical_altar, serial_shops,
          nicolae_shop_bloodbath_and_beyond, minivault_23
D:3:      layout_loops_corners, nicolae_half_adder
D:4:      layout_rooms, xom_butterflies, gup_sewer_entry_pipe
D:5:      layout_basic, serial_shops, nicolae_shop_back_alley_shop,
          uniq_crazy_yiuf_cottage, uniq_eustachio, uniq_ijyb
D:6:      layout_gridville, mainiacjoe_overflow_catch_the_wave,
          minmay_temple_entry_poolview, nicolae_ossuary_entry_giza
D:7:      layout_gridville, serial_glass, glass_columns_c, glass_columns_c,
          glass_columns_a, glass_columns_a, glass_columns_c, glass_columns_b,
          glass_columns_a, glass_columns_a, glass_columns_a, glass_columns_b,
          glass_columns_a, glass_columns_a, glass_columns_c, glass_columns_a,
          minmay_misc_feat_alley, grunt_ministairs_14, minmay_small_thing,
          uniq_pikel, uniq_menkaure
D:8:      layout_loops_corners, uniq_grum
D:9:      layout_rooms, kennysheep_path_1
D:10:     layout_basic, lair_entry_dummy, orc_0_dummy
D:11:     layout_roguey
D:12:     cheibrodos_ideogram_h, layout_long_grid, minivault_16,
          grunt_ministairs_8, uniq_maurice
D:13:     layout_loops_ring, grunt_vaults_entry_fortified, serial_shops, shop,
          minmay_misc_feat_rows, nicolae_wu_jian_immortal_techniques
Temple:   compressed_dpeg_triangle_lava_temple
Lair:1:   layout_small_grid, grunt_megastairs_1
Lair:2:   layout_cellular_growth
Lair:3:   layout_cellular_growth, shoals_dummy_entry,
          spider_nest_entry_web_field, uniq_kirke, uniq_prince_ribbit2
Shoals:1: cheibrodos_shoals_satyrical_garden, layout_shoals,
          gammafunk_ghost_wrathful_warriors, uniq_frances
Spider:1: layout_spider_delve, gammafunk_ghost_necromancy, hive_lemuel,
          uniq_aizul, uniq_asterion
Orc:1:    layout_caves, serial_shops, shop, shop, nicolae_shop_advertising_works
          [nicolae_subvault_shop_adworks], nicolae_shop_overcharged_wands
Orc:2:    st_orc_mages, layout_caves, basic_altar, nicolae_specific_store,
          mines_bat_river
Elf:1:    elf_arrival_001, layout_gridlike, hangedman_elf_represent,
          hangedman_elf_simple_split

Skill      XL: |  1  2  3  4  5  6  7  8  9 10 11 12 13 14 |
---------------+-------------------------------------------+-----
Fighting       | 4 5 6 7 8 10 12 13 | 13.8
Axes           | 4 5 6 7 9 11 13 15 16 17 | 17.6
Armour         | 3 4 6 7 9 10 11 12 13 | 13.8
Shields        | 5 10 12 16 18 | 18.6
Maces & Flails | |  0.9
Dodging        | |  2.2

Action                     |  1- 3 |  4- 6 |  7- 9 | 10-12 | 13-15 || total
---------------------------+-------+-------+-------+-------+-------++-------
  Melee: Hand axe          |    79 |   218 |    79 |   139 |   646 ||  1161
         Headbutt          |    17 |    33 |    44 |    84 |   162 ||   340
         Punch             |       |     2 |     3 |       |       ||     5
         Club              |       |       |    31 |       |       ||    31
         Battleaxe         |       |       |    65 |       |       ||    65
         War axe           |       |       |    89 |   293 |       ||   382
         Mace              |       |       |    20 |       |       ||    20
 Invoke: Berserk           |     1 |       |     2 |     4 |     3 ||    10
         Trog's Hand       |       |     5 |    16 |    28 |    23 ||    72
    Use: Scroll            |       |       |    19 |     7 |     8 ||    34
         Potion            |       |       |       |     4 |     3 ||     7
 Armour: Animal skin       |    30 |     6 |       |       |       ||    36
         Ring mail         |       |    53 |   142 |     1 |       ||   196
         Scale mail        |       |       |       |    86 |       ||    86
         Plate armour      |       |       |       |    22 |   174 ||   196
  Dodge: Dodged            |    48 |   125 |   181 |   114 |   143 ||   611
         Repelled          |       |       |       |       |     1 ||     1
  Block: Kite shield       |       |       |       |   273 |   445 ||   718
         Reflection        |       |       |       |    21 |     3 ||    24
